 Dungeon Crawl Stone Soup version 0.19-a0-1457-g32fba05 (webtiles) character file.

21066 sveltemanboy the Blocker (level 13, -1/86 HPs)
             Began as a Human Fighter on Sept 6, 2016.
             Was the Champion of Okawaru.
             Engulfed by a cloud of freezing vapour (7 damage)
             ... in an ice cave.
             The game lasted 00:42:35 (11209 turns).

sveltemanboy the Blocker (Human Fighter)           Turns: 11209, Time: 00:42:36

Health: -1/86      AC: 19    Str: 21    XL:     13   Next: 17%
Magic:  18/18      EV: 10    Int: 14    God:    Okawaru [******]
Gold:   141        SH: 16    Dex: 16    Spells: 0 memorised, 12 levels left

rFire  . . .     SeeInvis +     e - +0 morningstar (venom)
rCold  + . .     Gourm    .     F - +2 chain mail {rC+}
rNeg   . . .     Faith    .     c - +2 shield
rPois  +         Spirit   .     (helmet restricted)
rElec  .         Dismiss  .     a - +1 cloak of the Desert {rCorr Int+2}
rCorr  +         Reflect  .     m - +0 pair of gloves of the Country {rCorr Int+4}
MR     +....     Harm     .     (no boots)
Stlth  ..........               y - amulet of regeneration
                                l - +4 ring of protection
                                z - ring of see invisible

@: no status effects
A: horns 1, agile 1, magic resistance 1, poison resistance
a: Heroism, Finesse, Renounce Religion


You were in an ice cave.
You worshipped Okawaru.
Okawaru was exalted by your worship.
You were not hungry.

You visited 3 branches of the dungeon, and saw 14 of its levels.
You also visited: Ice Cave.

You collected 836 gold pieces.
You spent 695 gold pieces at shops.

Inventory:

Hand Weapons
 e - a +0 morningstar of venom (weapon)
Missiles
 r - 6 javelins of returning (quivered)
Armour
 a - the +1 cloak of the Desert (worn) {rCorr Int+2}
   (You acquired it on level 5 of the Dungeon)

   It affects your intelligence (+2).
   It protects you from acid and corrosion.
 c - a +2 shield (worn)
 m - the +0 pair of gloves of the Country (worn) {rCorr Int+4}
   (Okawaru gifted it to you in an ice cave)

   It affects your intelligence (+4).
   It protects you from acid and corrosion.
 o - a +2 helmet
 t - a +2 pair of boots of flying
 A - a +2 pair of boots
 F - a +2 chain mail of cold resistance (worn)
Jewellery
 l - a +4 ring of protection (right hand)
 y - an amulet of regeneration (around neck)
 z - a ring of see invisible (left hand)
 G - an uncursed amulet of the gourmand
Wands
 v - a wand of slowing (12/48)
 w - a wand of confusion (0/48)
 B - a wand of paralysis (12/24)
 D - a wand of random effects (4/48)
Scrolls
 g - a scroll of amnesia
 i - 4 scrolls of identify
 j - 6 scrolls of teleportation
 p - 4 scrolls of remove curse
 E - 3 scrolls of fear
 H - a scroll of fog
Potions
 k - a potion of cure mutation
 n - 4 potions of curing
 s - a potion of flight
Miscellaneous
 J - a lamp of fire (inert)
Comestibles
 b - 6 fruits
 d - 5 beef jerkies
 f - 11 bread rations
 h - 2 slices of pizza
 q - 3 meat rations


   Skills:
 - Level 3.0 Fighting
   Level 2.4 Long Blades
 * Level 12.8 Maces & Flails
 + Level 6.0 Armour
 - Level 4.0 Dodging
 + Level 14.0 Shields
 - Level 7.0 Invocations
 + Level 1.1 Evocations


You had 12 spell levels left.
You didn't know any spells.

Dungeon Overview and Level Annotations

Branches:
Dungeon (11/15)            Temple (1/1) D:4            Lair (2/6) D:8
    Orc (0/2) D:11
  Swamp: Lair:2-4    Shoals: Lair:2-4     Snake: Lair:2-4    Spider: Lair:2-4

Altars:
Ashenzari
Cheibriados
Elyvilon
Fedhas
Gozag
Makhleb
Nemelex Xobeh
Okawaru
Qazlal
Sif Muna
Vehumet
Xom
Yredelemnul
Zin
The Shining One
Beogh

Shops:
D:11 (=[?


Innate Abilities, Weirdness & Mutations

You have a pair of small horns on your head.
You are agile. (Dex +2)
You are resistant to hostile enchantments. (MR+)
Your system is resistant to poisons. (rPois)


Message History

You are engulfed in freezing vapours.
You resist.
You continue taking off your +2 pair of boots.
You are engulfed in freezing vapours.
You resist.
You continue taking off your +2 pair of boots.
You are engulfed in freezing vapours.
You resist.
You finish taking off your +2 pair of boots.
Wear which item? (? for menu, Esc to quit)
You are engulfed in freezing vapours.
You resist.
Keep equipping yourself?
* * * LOW HITPOINT WARNING * * *
You start putting on your armour.
You continue putting on your pair of glowing boots.
You are engulfed in freezing vapours.
You resist.
* * * LOW HITPOINT WARNING * * *
You continue putting on your pair of glowing boots.
You are engulfed in freezing vapours.
You resist.
* * * LOW HITPOINT WARNING * * *
You continue putting on your pair of glowing boots.
You are engulfed in freezing vapours.
You resist.
You die...

##...#..# #.......#
##.##.. ##..##...#
#..#.§ #...###..#
#§§§. #..##.#.##
#§§§# #..#§...##
#§§§#
#..##§.§.###§§§#
##..#.§..##§§4.###
#..##@.[##§4§§§.#
##..#§.##§4#§§§..#
#..####..###§§.....
##.###...# §......
##..#§.## #4.4...
#....## ......
##..## #..... ####
#...#


There were no monsters in sight!

Vanquished Creatures
  A centaur warrior (D:9)
  2 unseen horrors
  A hill giant (D:10)
  3 ugly things
  A manticore (D:9)
  2 ice statues (IceCv)
  2 spiny frogs (Lair:1)
  3 gargoyles
  8 ice devils (IceCv)
  3 komodo dragons
  4 trolls
  A two-headed ogre (D:11)
  A yak (D:9)
  Sigmund (D:2)
  Menkaure (D:5)
  2 steam dragons
  2 hippogriffs
  3 hungry ghosts
  4 water moccasins
  A porcupine (Lair:1)
  11 orc warriors
  6 sky beasts
  2 necrophages
  An eye of draining (D:10)
  2 ice beasts (D:9)
  A black bear (D:9)
  2 ogres
  6 centaurs
  2 crocodiles
  A big kobold (D:11)
  10 giant frogs
  A water moccasin zombie (D:9)
  A scorpion (D:9)
  A water moccasin skeleton (D:10)
  6 killer bees (D:8)
  7 howler monkeys
  4 crimson imps
  2 quasits (D:7)
  A wasp zombie (D:10)
  2 centaur zombies
  2 giant frog zombies
  A jelly (D:11)
  11 orc priests
  A centaur skeleton (D:8)
  6 hounds
  16 orc wizards
  2 giant frog skeletons
  5 iguanas
  10 worker ants
  2 hound zombies
  2 hound skeletons
  A worker ant zombie (D:11)
  4 gnolls (D:3)
  A howler monkey skeleton (D:5)
  12 adders
  5 river rats (Lair:1)
  4 shadow imps
  5 white imps (IceCv)
  2 ufetubi (IceCv)
  2 oozes
  2 adder skeletons
  2 adder zombies
  2 worms (D:3)
  2 dart slugs (D:1)
  4 giant geckos
  92 orcs
  7 bats
  4 giant cockroaches
  9 goblins
  8 hobgoblins
  9 jackals
  9 kobolds
  6 quokkas
  A ball python (D:1)
  16 giant newts
  A jackal skeleton (D:9)
  A jackal zombie (D:9)
  A quokka skeleton (D:5)
  11 rats
396 creatures vanquished.

Vanquished Creatures (others)
  A reaper (IceCv)
  3 white imps (IceCv)
  11 ufetubi (IceCv)
  6 plants (D:8)
21 creatures vanquished.

Grand Total: 417 creatures vanquished

Notes
Turn   | Place    | Note
-------+----------+-------------------------------------------
     0 | D:1      | sveltemanboy the Human Fighter began the quest for the Orb.
     0 | D:1      | Reached XP level 1. HP: 18/18 MP: 1/1
   131 | D:1      | Reached XP level 2. HP: 23/24 MP: 2/2
   285 | D:1      | Reached XP level 3. HP: 26/29 MP: 3/3
   301 | D:1      | Reached skill level 1 in Maces & Flails
   649 | D:2      | Noticed Sigmund
   681 | D:2      | Killed Sigmund
   681 | D:2      | Reached XP level 4. HP: 9/35 MP: 4/4
   681 | D:2      | Reached XP level 5. HP: 10/41 MP: 5/5
   681 | D:2      | Reached XP level 6. HP: 12/47 MP: 6/6
   949 | D:2      | Found a faded altar of an unknown god.
   960 | D:2      | Reached skill level 4 in Shields
  2297 | D:3      | Reached XP level 7. HP: 52/52 MP: 7/7
  3200 | D:4      | Found a stormy altar of Qazlal.
  3239 | D:4      | Found a staircase to the Ecumenical Temple.
  3245 | Temple   | Entered the Ecumenical Temple
  3276 | Temple   | Became a worshipper of Warmaster Okawaru
  3429 | D:4      | Reached skill level 5 in Maces & Flails
  3707 | D:5      | Entered Level 5 of the Dungeon
  3721 | D:5      | Reached skill level 5 in Shields
  3721 | D:5      | Reached skill level 1 in Invocations
  3791 | D:5      | Noticed Menkaure
  3807 | D:5      | Killed Menkaure
  3807 | D:5      | Reached * piety under Okawaru
  3807 | D:5      | Reached XP level 8. HP: 31/58 MP: 9/9
  4327 | D:5      | Identified a scroll of acquirement
  4328 | D:5      | Got a distressingly furry cloak
  4334 | D:5      | Identified the +1 cloak of the Desert {rCorr Int+2} (You acquired it on level 5 of the Dungeon)
  4446 | D:6      | Reached ** piety under Okawaru
  4453 | D:6      | Reached skill level 6 in Shields
  4514 | D:6      | Reached XP level 9. HP: 63/63 MP: 11/11
  4673 | D:6      | Found a shimmering altar of Xom.
  4725 | D:6      | Gained mutation: Your system is resistant to poisons. (rPois) [potion of mutation]
  4725 | D:6      | Gained mutation: You are agile. (Dex +2) [potion of mutation]
  4725 | D:6      | Gained mutation: You are resistant to hostile enchantments. (MR+) [potion of mutation]
  5442 | D:7      | Reached skill level 5 in Invocations
  5760 | D:8      | Reached *** piety under Okawaru
  5760 | D:8      | Reached skill level 7 in Shields
  5942 | D:8      | Reached skill level 12 in Shields
  5942 | D:8      | Reached XP level 10. HP: 70/70 MP: 14/14
  6078 | D:8      | Reached XP level 11. HP: 75/75 MP: 15/15
  6405 | D:8      | Found a staircase to the Lair.
  6489 | D:9      | Noticed an unseen horror
  6503 | D:9      | Killed an unseen horror
  6503 | D:9      | Reached **** piety under Okawaru
  6503 | D:9      | Reached skill level 1 in Dodging
  6970 | D:9      | Found a roughly hewn altar of Beogh.
  7175 | D:9      | Reached skill level 10 in Maces & Flails
  7175 | D:9      | Reached skill level 13 in Shields
  7212 | D:9      | Reached ***** piety under Okawaru
  7314 | D:9      | Noticed a centaur warrior
  7329 | D:9      | Noticed a manticore
  7331 | D:9      | Killed a centaur warrior
  7350 | D:9      | Killed a manticore
  7809 | D:10     | Entered Level 10 of the Dungeon
  7949 | D:10     | Noticed a hill giant
  7965 | D:10     | Killed a hill giant
  7965 | D:10     | Reached XP level 12. HP: 81/81 MP: 16/16
  8184 | D:10     | Noticed an unseen horror
  8208 | D:10     | Killed an unseen horror
  8208 | D:10     | Received a gift from Okawaru
  8208 | D:10     | Reached ****** piety under Okawaru
  8259 | D:10     | Got a bloodstained robe {god gift}
  8270 | D:10     | Identified the +3 robe of the Good {rF+ rC+ rN+} (Okawaru gifted it to you on level 10 of the Dungeon)
  8461 | D:11     | Found Jaimyg's Magic Scroll Boutique.
  8589 | D:11     | Gained mutation: You have a pair of small horns on your head. [mutagenic meat]
  8597 | D:11     | Found Huun's Weapon Emporium.
  8650 | D:11     | Bought a +0 flail of venom for 93 gold pieces
  8677 | D:11     | Found Zifituof's Jewellery Emporium.
  8695 | D:11     | Bought a cursed -4 ring of evasion for 28 gold pieces
  8769 | D:11     | Found Ohetzeo's Armour Shop.
  8777 | D:11     | Bought a +2 scale mail of magic resistance for 294 gold pieces
  8865 | D:11     | Bought a scroll of brand weapon for 280 gold pieces
  9144 | D:11     | Found a staircase to the Orcish Mines.
  9267 | D:11     | Reached skill level 5 in Armour
  9921 | Lair:1   | Entered Level 1 of the Lair of Beasts
 10568 | Lair:2   | Found a frozen archway.
 10577 | IceCv    | Entered an ice cave
 10741 | IceCv    | Reached XP level 13. HP: 15/86 MP: 14/18
 10826 | IceCv    | Received a gift from Okawaru
 10829 | IceCv    | Got a pair of heavily runed gloves {god gift}
 10840 | IceCv    | Identified the +0 pair of gloves of the Country {rCorr Int+4} (Okawaru gifted it to you in an ice cave)
 10878 | IceCv    | Reached skill level 14 in Shields
 11026 | IceCv    | Killed a reaper
 11082 | IceCv    | Reached skill level 1 in Evocations
 11209 | IceCv    | Engulfed by a cloud of freezing vapour

Vault maps used:
D:1:      matt_arrival_los_fun
D:2:      ecumenical_altar_2, first_bread, minmay_newt_pond, uniq_sigmund
D:3:      hangedman_abyss_or_decor_lesser_grid
D:4:      grunt_qazlal_sundering
D:5:      uniq_menkaure
D:6:      basic_altar
D:8:      david_lair_shrubbed
D:9:      hangedman_cross_veins, special_room
D:11:     david_orc_1_choice, serial_shops, shop_scrolls, shop,
          nicolae_shop_waterfront, shop
Temple:   nicolae_temple_the_god_donut
Lair:2:   spider_nest_entry_funnel_web, portal_ice_cave_entry_pillars_1,
          grunt_megastairs_3, serial_bayou_shore_a, uniq_fannar
IceCv:    ice_cave_small_demon

Skill      XL: |  1  2  3  4  5  6  7  8  9 10 11 12 13 |
---------------+----------------------------------------+-----
Maces & Flails | 3 4 5 7 9 11 12 | 12.8
Armour         | 4 5 6 |  6.0
Shields        | 4 5 6 12 13 14 | 14.0
Invocations    | 2 3 5 6 7 |  7.0
Dodging        | 3 4 |  4.0
Evocations     | 1 |  1.1
Fighting       | |  3.0
Long Blades    | |  2.4

Action                   |  1- 3 |  4- 6 |  7- 9 | 10-12 | 13-15 || total
-------------------------+-------+-------+-------+-------+-------++-------
Melee: Long sword        |    31 |       |       |       |       ||    31
       Whip              |    70 |   157 |   393 |   690 |       ||  1310
       Morningstar       |       |       |       |   279 |    95 ||   374
       Headbutt          |       |       |       |    90 |    27 ||   117
       Flail             |       |       |       |    33 |       ||    33
Throw: Stone             |       |     8 |     2 |       |       ||    10
       Tomahawk          |       |       |    17 |    26 |       ||    43
       Javelin           |       |       |       |     3 |       ||     3
Invok: Heroism           |       |       |     1 |     3 |     1 ||     5
       Finesse           |       |       |       |     1 |       ||     1
Evoke: Wand              |       |       |     9 |     8 |       ||    17
       Lamp of fire      |       |       |       |       |     1 ||     1
  Use: Potion            |     2 |       |     5 |     6 |     1 ||    14
       Scroll            |       |     4 |    14 |    10 |       ||    28
 Stab: Confused          |       |       |     1 |       |       ||     1
       Paralysed         |       |       |       |     3 |       ||     3
  Eat: Chunk             |       |     5 |    12 |    18 |       ||    35
       Royal jelly       |       |       |       |       |     1 ||     1
       Fruit             |       |       |       |       |     1 ||     1
Armor: Scale mail        |    36 |    45 |   104 |   124 |       ||   309
       Ring mail         |       |     1 |       |       |       ||     1
       Skin              |       |       |       |     6 |       ||     6
       Chain mail        |       |       |       |    44 |    23 ||    67
       Robe              |       |       |       |     8 |       ||     8
Dodge: Dodged            |    28 |    30 |    80 |   182 |    22 ||   342
Block: Shield            |    52 |    49 |   164 |   449 |    38 ||   752
